 Dungeon Crawl Stone Soup version 0.30.1-3-gfc49f6343a (webtiles) character file.

Game seed: 2762861542116622046

394 Wiggles the Cleaver (level 6, -6/52 HPs)
             Began as a Minotaur Berserker on July 28, 2023.
             Was a Priest of Trog.
             Splashed by a jelly's acid (8 damage)
             ... on level 4 of the Dungeon.
             The game lasted 00:04:08 (2664 turns).

Wiggles the Cleaver (Minotaur Berserker)            Turns: 2664, Time: 00:04:09

Health: -6/52      AC: -1    Str: 23    XL:     6   Next: 51%
Magic:  5/5        EV:  9    Int: 10    God:    Trog [***...]
Gold:   124        SH:  0    Dex: 10    Spells: 5/5 levels left

rFire   . . .        a - +0 hand axe
rCold   . . .        (no shield)
rNeg    . . .        c - +0 chain mail
rPois   .            (helmet restricted)
rElec   .            (no cloak)
rCorr   .            l - +0 pair of gloves
SInv    +            (no boots)
Will    .....        (no amulet) Stlth
                     b - ring of see invisible
HPRegen 0.28/turn    o - +6 ring of intelligence
MPRegen 0.09/turn

%: no passive effects
@: corroded
A: horns 2, retaliatory headbutt
a: Renounce Religion, Berserk, Trog's Hand


You were on level 4 of the Dungeon.
You worshipped Trog.
Trog was most pleased with you.
You visited 1 branch of the dungeon, and saw 4 of its levels.

You collected 144 gold pieces.
You spent 20 gold pieces at shops.

Inventory:

Hand Weapons
 a - a +0 hand axe (weapon)
Armour
 c - a +0 chain mail (worn)
 l - a +0 pair of gloves (worn)
Jewellery
 b - a ring of see invisible (left hand)
 o - a +6 ring of intelligence (right hand)
Wands
 t - a wand of flame (24)
Scrolls
 d - a scroll of fear {unknown}
 e - 2 scrolls of noise {unknown}
 f - a scroll of poison {unknown}
 i - 3 scrolls of enchant weapon {unknown}
 k - 3 scrolls of identify
 p - 3 scrolls of magic mapping {unknown}
 q - a scroll of brand weapon {unknown}
 u - a scroll of blinking {unknown}
Potions
 g - 2 potions of resistance {unknown}
 h - a potion of attraction {unknown}
 j - a potion of lignification {unknown}
 m - a potion of flight {unknown}
 n - a potion of degeneration {unknown}
 r - a potion of magic {unknown}
 s - a potion of curing {unknown}


   Skills:
 - Level 3.9 Fighting
 + Level 8.7 Axes
 - Level 2.5 Armour
 - Level 2.2 Dodging


You had 5 spell levels left.
You didn't know any spells.
Your spell library was empty.

Dungeon Overview and Level Annotations

Branches:
Dungeon (4/15)             Temple (0/1) D:4

Altars:
Xom

Shops:
D:3 ?


Innate Abilities, Weirdness & Mutations

You have a pair of horns on your head.
You reflexively headbutt those who attack you in melee.


Message History

You hit the jelly but do no damage.
Your hands burn!
The jelly barely misses you.
The orc wizard hits you but does no damage.
You hit the orc wizard but do no damage.
The orc wizard is severely wounded.
You hit the jelly but do no damage. The acid corrodes you!
Your hands burn!
The jelly barely misses you. You furiously retaliate!
You headbutt the jelly!
The orc wizard hits you but does no damage.
You hit the orc wizard.
The orc wizard is almost dead.
You hit the jelly.
Your hands burn!
The orc wizard points at you and mumbles some strange words.
The magic dart hits you! The jelly barely misses you. You furiously retaliate!
You headbutt the jelly, but do no damage.
You barely miss the orc wizard.
The orc wizard is almost dead.
You hit the jelly but do no damage.
Your hands burn!
* * * LOW HITPOINT WARNING * * *
The orc wizard closely misses you. You furiously retaliate!
You headbutt the orc wizard.
You kill the orc wizard!
Trog accepts your kill.
Trog appreciates your killing of a magic user.
The jelly hits you.
* * * LOW HITPOINT WARNING * * *
You are splashed with acid.
* * * LOW HITPOINT WARNING * * *
The jelly hits you but does no damage.
An orc wizard comes into view. It is wielding a +0 dagger.
Items here: $ )) [[ ††.
The jelly barely misses you.
You see here a +0 dagger.
You hit the jelly but do no damage. The acid corrodes you!
Your hands burn!
* * * LOW HITPOINT WARNING * * *
The jelly is severely wounded.
The jelly jiggles.
The jelly hits you.
* * * LOW HITPOINT WARNING * * *
You are splashed with acid!
You die...

....####.#####.#
## ....# #.# #.#
... ....# #.#
#.#####....
....# #.#
#.#.#.8.#..
#.#.# #.#
#.#........
#.#.# #.#
##.#.8.>.8..
..#.# #.#
#...........
#..)J#.8.#.
#..)@....#
##.#........
#.#######.. #>#
#.# #o. .. ..


You could see a jelly.

Vanquished Creatures
  Sigmund (D:2)
  A hound (D:3)
  An orc priest (D:4)
  An orc wizard (D:4)
  3 gnolls (D:3)
  4 adders
  A shadow imp (D:3)
  A worm (D:3)
  2 dart slugs
  6 orcs
  8 ball pythons
  6 bats
  6 endoplasms
  5 giant cockroaches
  5 hobgoblins
  6 jackals
  5 quokkas
  3 frilled lizards
  2 goblins
  4 kobolds
  6 rats
77 creatures vanquished.

Notes
Turn   | Place    | Note
-------+----------+-------------------------------------------
     0 | D:1      | Wiggles the Minotaur Berserker began the quest for the Orb.
     0 | D:1      | Reached XP level 1. HP: 19/19 MP: 0/0
   171 | D:1      | Reached skill level 4 in Axes
   171 | D:1      | Reached XP level 2. HP: 27/27 MP: 1/1
   861 | D:2      | Noticed Sigmund
   883 | D:2      | Killed Sigmund
   884 | D:2      | Reached skill level 7 in Axes
   884 | D:2      | Reached XP level 3. HP: 33/33 MP: 2/2
   884 | D:2      | Reached XP level 4. HP: 40/40 MP: 3/3
   884 | D:2      | Reached XP level 5. HP: 46/46 MP: 4/4
   888 | D:2      | Reached ** piety under Trog
  1304 | D:2      | Found a shimmering altar of Xom.
  1736 | D:3      | Reached skill level 8 in Axes
  1736 | D:3      | Reached XP level 6. HP: 9/52 MP: 5/5
  1914 | D:3      | Found Luimunwe's Magic Scroll Emporium.
  1922 | D:3      | Bought a scroll of identify for 20 gold pieces
  2179 | D:3      | Found a faded altar of an unknown god.
  2618 | D:4      | Reached *** piety under Trog
  2644 | D:4      | Found a staircase to the Ecumenical Temple.
  2664 | D:4      | HP: 2/52 [jelly (3)]
  2664 | D:4      | Splashed by a jelly's acid

Illustrated notes

Levels and vault maps discovered:
D:1:      amcnicky_arrival_single_pillar, layout_basic, minmay_misc_feat_five
D:2:      layout_basic, basic_altar, chequers_serial_rivers_small_b,
          minmay_tetromino_s2, uniq_sigmund
D:3:      layout_basic, serial_shops, shop, hellmonk_ecumenical_altar_run_dry,
          kennysheep_big_empty_room
D:4:      layout_basic, nicolae_overflow_hidden_temple,
          minmay_temple_entry_statues_pillars, lightli_sewer_entry_pipes

Skill      XL: |  1  2  3  4  5 |
---------------+----------------+-----
Axes           | 4 7 8 |  8.7
Fighting       | |  3.9
Armour         | |  2.5
Dodging        | |  2.2

Action                     |  1- 3 |  4- 6 || total
---------------------------+-------+-------++-------
  Melee: Hand axe          |    36 |   115 ||   151
         Headbutt          |     6 |    13 ||    19
 Invoke: Berserk           |     1 |       ||     1
 Armour: Chain mail        |    16 |    57 ||    73
  Dodge: Dodged            |    15 |    67 ||    82
